 Dungeon Crawl Stone Soup version 0.26.0-10-g1f06aea511 (webtiles) character file.

Game seed: 4358032147579912781

15853 Arum the Protected (level 12, -6/102 HPs)
             Began as a Formicid Fighter on Jan 17, 2021.
             Was an Initiate of Gozag.
             Killed from afar by a wretched star (25 damage)
             ... with a lance of force
             ... on level 2 of the Abyss.
             The game lasted 00:14:50 (12767 turns).

Arum the Protected (Formicid Fighter)              Turns: 12767, Time: 00:14:53

Health: -6/102     AC: 18    Str: 24 (25) XL:     12   Next: 62%
Magic:  10/10      EV:  7    Int:  9 (10) God:    Gozag
Gold:   1919       SH: 16    Dex:  8      Spells: 11/11 levels left

rFire    . . .     SeeInvis +   C - +6 shillelagh "Devastator" {shatter}
rCold    . . .     Faith    .   J - +5 kite shield "Rahehob" {rCorr Int+3 Stlth+}
rNeg     . . .     Spirit   .   h - +0 plate armour
rPois    +         Reflect  .   (helmet unavailable)
rElec    .         Harm     .   (no cloak)
rCorr    +         Rampage  .   K - +0 pair of gloves
Will     ++...                  w - +0 pair of boots
Stlth    ..........             o - amulet of the acrobat
HPRegen  0.27/turn              q - ring of willpower
MPRegen  0.12/turn              P - ring of poison resistance

@: gold aura
A: permanent stasis, dig shafts and tunnels, four strong arms, antennae 3,
clumsy 1, [deterioration 1], [low mp 1], [weak 1]
a: Dig, Shaft Self, Renounce Religion, Potion Petition, Call Merchant, Bribe
Branch


You were on level 2 of the Abyss.
You worshipped Gozag.
Gozag was most pleased with you.
You visited 1 branch of the dungeon, and saw 12 of its levels.
You visited the Abyss 1 time.

You collected 3276 gold pieces.
You spent 840 gold pieces at shops.
You paid 517 gold pieces to Gozag.

Inventory:

Hand Weapons
 a - a +0 quarterstaff
 C - the +6 shillelagh "Devastator" (weapon) {shatter}
   (You bought it in a shop on level 8 of the Dungeon)
Armour
 h - a +0 plate armour (worn)
 w - a +0 pair of boots (worn)
 J - the +5 kite shield "Rahehob" (worn) {rCorr Int+3 Stlth+}
   (You found it on level 9 of the Dungeon)

   It affects your intelligence (+3).
   It provides partial protection from all sources of acid and corrosion.
   It makes you more stealthy.
 K - a +0 pair of gloves (worn)
Jewellery
 o - an amulet of the acrobat (around neck)
 q - a ring of willpower (left hand)
 P - a ring of poison resistance (right hand)
Wands
 c - a wand of polymorph (13)
 t - a wand of iceblast (21)
 u - a wand of disintegration (24)
 D - a wand of paralysis (15)
 F - a wand of acid (11)
 G - a wand of flame (42)
Scrolls
 e - 6 scrolls of remove curse
 f - 6 scrolls of identify
 j - a scroll of blinking {unknown}
 l - 2 scrolls of immolation {unknown}
 m - 4 scrolls of enchant weapon {unknown}
 n - 6 scrolls of teleportation {unknown}
 r - 7 scrolls of enchant armour {unknown}
 x - a scroll of amnesia {unknown}
 y - a scroll of fog {unknown}
 A - 2 scrolls of noise {unknown}
 B - a scroll of holy word {unknown}
 E - 2 scrolls of random uselessness {unknown}
 I - a scroll of brand weapon {unknown}
Potions
 b - a potion of magic
 d - 3 potions of might
 g - a potion of heal wounds
 i - 2 potions of flight
 k - a potion of curing {unknown}
 p - 2 potions of lignification
 s - a potion of degeneration {unknown}
 v - 2 potions of brilliance
 z - a potion of invisibility {unknown}
 H - 2 potions of haste {unknown}
 L - a potion of attraction {unknown}
 M - a potion of cancellation {unknown}
 N - a potion of ambrosia {unknown}
 O - a potion of mutation {unknown}


   Skills:
 + Level 12.0 Fighting
 + Level 8.2(9.4) Maces & Flails
 - Level 7.2(9.0) Staves
 + Level 12.0 Armour
 - Level 9.0 Shields


You had 11 spell levels left.
You didn't know any spells.
Your spell library contained the following spells:

 Spells                   Type           Power        Failure   Level
 Animate Skeleton         Necr           0%           98%         1
 Apportation              Tloc           0%           98%         1
 Corona                   Hex            0%           98%         1
 Summon Small Mammal      Summ           0%           98%         1
 Poisonous Vapours        Pois/Air       0%           99%         2


Dungeon Overview and Level Annotations

Branches:
Dungeon (12/15)            Temple (0/1) D:7            Lair (0/6) D:8
    Orc (0/2) D:11

Altars:
Ashenzari
Dithmenos
Fedhas
Gozag
Hepliaklqana
Sif Muna
Trog
Vehumet
Wu Jian
Yredelemnul
Zin
The Shining One

Shops:
D:8 (

Annotations:
D:6 2 transporters
D:12 Sonja


Innate Abilities, Weirdness & Mutations

You cannot be hasted, slowed, berserked, paralysed or teleported.
You can dig through walls and to a lower floor.
Your four strong arms can wield two-handed weapons with a shield.
You have a pair of large antennae on your head. (SInv)
You are clumsy. (Dex -2)
[Your body sometimes deteriorates upon taking damage.]
[Your magical capacity is low. (-10% MP)]
[You are weak. (Str -2)]


Message History

A starcursed mass splits.
Unknown command.
You sock the wretched star!
The wretched star is heavily damaged. x2
The wretched star glows turbulently.
The lance of force hits you!
* * * LOW HITPOINT WARNING * * *
Your body deteriorates!
You feel dopey.
You are knocked back by the lance of force.
You slam into the stone wall!
* * * LOW HITPOINT WARNING * * *
A thrashing horror comes into view.
The starcursed mass becomes distracted by the nearby gold, dreaming of imaginary riches.
Unknown command.
You feel much better.
The starcursed mass becomes distracted by the nearby gold, dreaming of imaginary riches.
The wretched star glows turbulently.
The lance of force hits you!!
You die...
Your body crumbles into a pile of gold.

.....#.#
..#..##
.X#.#.# #
#XX.. .{ # . {
... . ..#.
##..##.# #
#...#
#.X..#.#.#
#...#$.......#
#..@$# . .#.#
#.##*# .#. #
..##.#$.###.#
# # ## . ..GX
.# . . . . # .
##.#.# . #...
.# # .....
..#.## ...
....x..#.# # #
.. . . .. ..


You could see 4 starcursed masses, a wretched star, a thrashing horror and an
eye of draining.

Vanquished Creatures
  A tentacled starspawn (Abyss:2)
  A two-headed ogre (D:11)
  A wretched star (Abyss:2)
  A sixfirhy (Abyss:2)
  A manticore (D:11)
  4 elephants (D:11)
  A rust devil (Abyss:2)
  Maggie (D:8)
  A demonic crawler (Abyss:2)
  A hornet (D:12)
  2 trolls (D:11)
  A fire dragon zombie (Abyss:2)
  A large abomination (Abyss:2)
  14 yaks
  A wyvern (D:10)
  A neqoxec (Abyss:2)
  2 steam dragons
  3 small abominations (Abyss:2)
  Grum (D:8)
  2 wargs (D:8)
  An acid dragon (D:11)
  2 ice beasts
  A sky beast (D:11)
  5 orc warriors
  2 black bears
  2 necrophages
  4 wolves (D:8)
  7 centaurs
  4 ogres (D:5)
  A phantom (D:6)
  2 big kobolds
  3 bullfrogs
  A gnoll sergeant (D:7)
  A wyvern skeleton (D:6)
  4 scorpions
  5 killer bees (D:10)
  4 jellies
  9 wights
  2 bullfrog zombies
  A centaur zombie (D:7)
  3 hounds
  3 centaur skeletons
  16 orc priests
  15 orc wizards
  6 iguanas
  7 worker ants
  Ijyb (D:4)
  A hound zombie (D:8)
  2 hound skeletons
  15 gnolls
  A howler monkey skeleton (D:5)
  16 adders
  3 shadow imps
  3 white imps
  2 adder skeletons
  3 dart slugs
  7 leopard geckos
  42 orcs
  10 giant cockroaches
  12 goblins
  9 hobgoblins
  6 jackals
  13 kobolds
  10 quokkas
  A ball python (D:2)
  9 bats
  4 frilled lizards
  A giant cockroach zombie (D:6)
  A jackal skeleton (D:9)
  A jackal zombie (D:7)
  A quokka zombie (D:3)
  8 rats
334 creatures vanquished.

Vanquished Creatures (others)
  34 plants
  7 starspawn tentacles (Abyss:2)
41 creatures vanquished.

Grand Total: 375 creatures vanquished

Notes
Turn   | Place    | Note
-------+----------+-------------------------------------------
     0 | D:1      | Arum the Formicid Fighter began the quest for the Orb.
     0 | D:1      | Reached XP level 1. HP: 18/18 MP: 1/1
   153 | D:1      | Reached XP level 2. HP: 24/24 MP: 2/2
   650 | D:1      | Reached XP level 3. HP: 29/29 MP: 3/3
  1102 | D:2      | Reached XP level 4. HP: 10/37 MP: 4/4
  2016 | D:2      | Reached XP level 5. HP: 40/42 MP: 5/5
  3105 | D:3      | Reached XP level 6. HP: 49/49 MP: 6/6
  3300 | D:4      | Noticed Ijyb
  3304 | D:4      | Found a broken altar of Ashenzari.
  3304 | D:4      | Found a glowing golden altar of the Shining One.
  3309 | D:4      | Killed Ijyb
  3310 | D:4      | Reached skill level 5 in Shields
  3440 | D:4      | Found an opulent altar of Gozag.
  3442 | D:4      | Found a hazy altar of Hepliaklqana.
  3442 | D:4      | Found a radiant altar of Vehumet.
  3449 | D:4      | Became a worshipper of Gozag Ym Sagoz the Greedy
  3980 | D:4      | Reached XP level 7. HP: 29/55 MP: 7/7
  4403 | D:5      | Entered Level 5 of the Dungeon
  4420 | D:5      | Reached skill level 5 in Fighting
  4420 | D:5      | Reached skill level 5 in Armour
  4818 | D:5      | Reached XP level 8. HP: 63/63 MP: 8/8
  5001 | D:5      | Reached skill level 5 in Staves
  5523 | D:5      | Found an ornate altar of the Wu Jian Council.
  5615 | D:6      | Found a transporter.
  5626 | D:6      | Reached XP level 9. HP: 71/71 MP: 9/9
  5658 | D:6      | Found a transporter.
  6022 | D:6      | Noticed a kobold demonologist
  6575 | D:6      | Found a basalt altar of Yredelemnul.
  6832 | D:6      | You fall into a shaft and drop 2 floors!
  6832 | D:8      | Found a staircase to the Lair.
  7124 | D:8      | Noticed Maggie
  7135 | D:8      | Killed Maggie
  7136 | D:8      | Reached XP level 10. HP: 59/80 MP: 10/10
  7270 | D:8      | Noticed Grum
  7301 | D:8      | Killed Grum
  7518 | D:8      | Bought the +6 shillelagh "Devastator" {shatter} for 840
                  | gold pieces
  7518 | D:8      | Found the +6 shillelagh "Devastator" {shatter}
  7576 | D:8      | Reached skill level 1 in Maces & Flails
  8654 | D:7      | Found a bloodstained altar of Trog.
  8693 | D:7      | Found a shimmering blue altar of Sif Muna.
  8697 | D:7      | Identified Sif Muna's Collected Works on Nocuous Air
  9012 | D:7      | Found a staircase to the Ecumenical Temple.
  9595 | D:9      | Got an ancient kite shield
  9596 | D:9      | Identified the +5 kite shield "Rahehob" {rCorr Int+3
                  | Stlth+} (You found it on level 9 of the Dungeon)
  9765 | D:9      | Reached XP level 11. HP: 89/89 MP: 11/11
  9848 | D:9      | Found a glowing silver altar of Zin.
 10205 | D:9      | Found a blossoming altar of Fedhas.
 10247 | D:9      | Found a shimmering blue altar of Sif Muna.
 10444 | D:10     | Entered Level 10 of the Dungeon
 10457 | D:10     | Reached skill level 10 in Fighting
 10457 | D:10     | Reached skill level 10 in Armour
 10485 | D:10     | Reached skill level 5 in Maces & Flails
 11587 | D:11     | Found a staircase to the Orcish Mines.
 11602 | D:11     | Noticed an elephant
 11609 | D:11     | Noticed an elephant
 11613 | D:11     | Killed an elephant
 11618 | D:11     | Noticed a two-headed ogre
 11629 | D:11     | Killed a two-headed ogre
 11633 | D:11     | Killed an elephant
 11783 | D:11     | Found a shadowy altar of Dithmenos.
 11977 | D:11     | Noticed an elephant
 11985 | D:11     | Killed an elephant
 11992 | D:11     | Noticed a manticore
 11998 | D:11     | Killed a manticore
 12086 | D:11     | Noticed an elephant
 12094 | D:11     | Killed an elephant
 12148 | D:11     | Reached XP level 12. HP: 75/100 MP: 12/12
 12590 | D:12     | Noticed Sonja
 12605 | D:12     | Cast into level 2 of the Abyss (Sonja)
 12682 | Abyss:2  | Noticed a wretched star
 12697 | Abyss:2  | Noticed a tentacled starspawn
 12712 | Abyss:2  | Noticed a sixfirhy
 12713 | Abyss:2  | Killed a wretched star
 12715 | Abyss:2  | Killed a sixfirhy
 12718 | Abyss:2  | Killed a tentacled starspawn
 12722 | Abyss:2  | Gained mutation: You are clumsy. (Dex -2) [a neqoxec]
 12737 | Abyss:2  | Noticed a wretched star
 12758 | Abyss:2  | Noticed a starcursed mass
 12766 | Abyss:2  | Noticed a thrashing horror
 12767 | Abyss:2  | Killed from afar by a wretched star

Illustrated notes

Levels and vault maps discovered:
D:1:      co_arrival_square_in_a_square_in_a_square, layout_loops_corners,
          amcnicky_mini_corridor_feature
D:2:      minmay_door_path, layout_loops_ring
D:3:      layout_basic
D:4:      kennysheep_spiral_hall, layout_basic, grunt_temple_overflow_open,
          serial_forest, infiniplex_forest_end_1, infiniplex_forest_diagonal,
          infiniplex_forest_clump_long, infiniplex_forest_straight_2,
          infiniplex_forest_clump_curved, uniq_ijyb
D:5:      minmay_polygon_palace, layout_rooms, pdpol_wu_jian_five_deadly_venoms
D:6:      gammafunk_wand_slinger, layout_gridville, basic_altar,
          serial_park_tiny_2
D:7:      layout_cave_pods, nzn_overflow_gifts_of_might_and_magic,
          minmay_temple_entry_butterflies
D:8:      layout_basic, erik_lair_orcish_takeover, uniq_maggie, uniq_grum
D:9:      layout_irregular_city, lemuel_round_altar, overflow_temple_1_default,
          basic_altar, minmay_misc_feat_five
D:10:     layout_irregular_city
D:11:     wad_woods_stonehenge, layout_irregular_city, orc_0_dummy
D:12:     layout_loops_ring, serial_shops, kennysheep_mini, uniq_sonja
Abyss:2:  base:
D:3

Skill      XL: |  1  2  3  4  5  6  7  8  9 10 11 12 |
---------------+-------------------------------------+-----
Shields        | 4 5 6 7 8 9 |  9.0
Armour         | 4 5 6 8 9 11 12 | 12.0
Fighting       | 4 5 6 7 9 11 12 | 12.0
Staves         | 3 4 5 6 7 |  7.2
Maces & Flails | 3 6 8 |  8.2

Action                   |  1- 3 |  4- 6 |  7- 9 | 10-12 || total
-------------------------+-------+-------+-------+-------++-------
Melee: Quarterstaff      |    92 |   257 |   419 |    48 ||   816
       Shillelagh        |       |       |       |   343 ||   343
Invok: Call Merchant     |       |       |     1 |       ||     1
 Abil: Dig               |       |     2 |     2 |     2 ||     6
  Use: Scroll            |       |       |       |     7 ||     7
       Potion            |       |       |       |     2 ||     2
 Stab: Distracted        |       |       |     2 |       ||     2
Armor: Scale mail        |    18 |       |       |       ||    18
       Plate armour      |    27 |   157 |   181 |   128 ||   493
Dodge: Dodged            |    19 |    56 |    97 |    81 ||   253
Block: Kite shield       |    49 |   167 |   215 |   271 ||   702
